Construct Section Command Post
Construct Platoon Command Post
Selects Indian Artillery Battlegroup
Selects Towed ML 4.2-inch Heavy Mortar
Towed ML 4.2-inch Heavy Mortar
Unlock M3 Stuart Light Tanks
Construct Company Command Post
Selects Gurkha Rifles Section
Selects Off-map Airburst Barrage
Selects Volunteer Infantry
Unlock Bishop Self-propelled Artillery
Selects BL5.5 Artillery Emplacement
Bishop Self-propelled Artillery
Bishop Self-propelled Artillery
Unlock M3 Grant Medium Tanks